[Event "Titled Tuesday Blitz March 21 Early 2023"]
[White "Shevtchenko, Olesya"]
[Black "djokovic74"]
[WhiteFideId "24131890"]
[WhiteElo "2003"]
[BlackElo "2560"]
[Result "1-0"]
[Round "09"]
[TimeControl "180+2"]
[Date "2023.03.21"]
[WhiteClock "0:02:09"]
[BlackClock "0:00:01"]

1. e4 e6 2. d4 d5 3. Nc3 Nf6 4. Bg5 Be7 5. e5 Nfd7 6. Bxe7 Qxe7 7. Nb5 Nb6 8. a4 a6 9. a5 axb5 10. axb6 Rxa1 11. Qxa1 c6 12. Qa8 O-O 13. Qxb8 Qb4+ 14. c3 Qxb2 15. Ne2 b4 16. cxb4 Qxb4+ 17. Kd1 Bd7 18. Qd6 Qb3+ 19. Kd2 Ra8 20. Nc3 Qb2+ 21. Kd3 h5 22. Be2 Ra3 23. Qc5 Rb3 24. Rd1 f6 25. Rd2 Qc1 26. Rc2 1-0


[Site "https://www.chess.com"]

[Event "Titled Tuesday Blitz March 21 Early 2023"]
[White "Forgacs, Attila Jr."]
[Black "Mackster23"]
[WhiteFideId "773654"]
[WhiteElo "2168"]
[BlackElo "2534"]
[Result "1-0"]
[Round "09"]
[TimeControl "180+2"]
[Date "2023.03.21"]
[WhiteClock "0:01:30"]
[BlackClock "0:01:08"]

1. e4 e6 2. d4 d5 3. Nc3 Bb4 4. e5 c5 5. a3 Bxc3+ 6. bxc3 Qa5 7. Bd2 Qa4 8. Qg4 g6 9. Nf3 Nc6 10. Bd3 c4 11. Be2 Qxc2 12. O-O h6 13. Rfc1 Qf5 14. Qg3 g5 15. Bd1 Qh7 16. Bc2 Qg7 17. h4 g4 18. Nh2 h5 19. f3 Nge7 20. Bg5 Rg8 21. fxg4 hxg4 22. Nxg4 Nf5 23. Bxf5 exf5 24. Nf6+ Kf8 25. Bh6 1-0


[Site "https://www.chess.com"]

[Event "Titled Tuesday Blitz March 21 Early 2023"]
[White "Topalov, Aleksandar"]
[Black "Do Nascimento,Christian Almeida"]
[WhiteFideId "925659"]
[BlackFideId "2143801"]
[WhiteElo "2151"]
[BlackElo "2125"]
[Result "0-1"]
[Round "09"]
[TimeControl "180+2"]
[Date "2023.03.21"]
[WhiteClock "0:00:02"]
[BlackClock "0:00:15"]

1. b3 Nf6 2. Bb2 g6 3. Bxf6 exf6 4. c4 Bg7 5. Nc3 f5 6. e3 d6 7. Nge2 O-O 8. g3 Nd7 9. Bg2 Re8 10. O-O Nf6 11. Rb1 c6 12. b4 Be6 13. d3 d5 14. cxd5 Nxd5 15. Nxd5 Bxd5 16. Bxd5 Qxd5 17. a3 Rad8 18. d4 Bh6 19. Nc3 Qe6 20. Re1 b6 21. Qb3 Qf6 22. Rbc1 Bg7 23. Red1 h5 24. d5 h4 25. dxc6 Qxc6 26. Nd5 Qe6 27. Rd3 Qe4 28. Qc4 hxg3 29. hxg3 Qe6 30. Rcd1 Rc8 31. Qa6 Qe4 32. Qxa7 Rc2 33. R3d2 Rxd2 34. Rxd2 Qb1+ 35. Kg2 Qe4+ 36. Kg1 Be5 37. Qxb6 Kg7 38. Nf4 Bxf4 39. exf4 Qb1+ 40. Kg2 Re1 41. Qd4+ Kh7 42. Qd3 Rg1+ 43. Kf3 Qa1 44. Qd4 Qf1 0-1


[Site "https://www.chess.com"]

[Event "Titled Tuesday Blitz March 21 Early 2023"]
[White "Valle Maytin, Luis Enrique"]
[Black "Golubev, Mikhail"]
[WhiteFideId "3503666"]
[BlackFideId "14100983"]
[WhiteElo "2225"]
[BlackElo "2374"]
[Result "1-0"]
[Round "09"]
[TimeControl "180+2"]
[Date "2023.03.21"]
[WhiteClock "0:00:06"]
[BlackClock "0:00:01"]

1. e4 c5 2. Nf3 d6 3. d4 Nf6 4. Nc3 cxd4 5. Nxd4 g6 6. Be2 Bg7 7. O-O O-O 8. Be3 Nc6 9. a3 Bd7 10. h3 Rc8 11. Qd2 Na5 12. Rac1 Nc4 13. Bxc4 Rxc4 14. f3 Qa5 15. Qd3 Rfc8 16. Nce2 b5 17. c3 Qa6 18. Ng3 Qb7 19. Bf2 a5 20. Rce1 b4 21. cxb4 axb4 22. f4 bxa3 23. e5 Nd5 24. Qxa3 Nxf4 25. Nf3 Bxe5 26. Be3 Bc6 27. Bxf4 Bxf4 28. Ne2 Bxf3 29. Rxf3 Be5 30. b3 Rc2 31. Qa4 Rb2 32. Kf1 Ra8 33. Qc4 Rc8 34. Qxf7+ Kh8 35. Qe6 Bf6 36. Nf4 1-0


[Site "https://www.chess.com"]

[Event "Titled Tuesday Blitz March 21 Early 2023"]
[White "Vaglio Munoz, Jaime"]
[Black "Bhavikatti, Neil"]
[WhiteFideId "6500145"]
[BlackFideId "30935024"]
[WhiteElo "2199"]
[BlackElo "2354"]
[Result "1-0"]
[Round "09"]
[TimeControl "180+2"]
[Date "2023.03.21"]
[WhiteClock "0:01:23"]
[BlackClock "0:00:08"]

1. Nf3 Nf6 2. c4 c5 3. b3 b6 4. Bb2 Bb7 5. g3 g6 6. Bxf6 exf6 7. Bg2 Bg7 8. Nc3 O-O 9. Rc1 f5 10. e3 Nc6 11. O-O Ne7 12. d4 cxd4 13. Nxd4 Bxg2 14. Kxg2 Qc7 15. Ndb5 Qb7+ 16. Qf3 Nc6 17. Rfd1 a6 18. Nd6 Qa7 19. Nd5 Be5 20. Nf4 Rad8 21. Rd5 Bf6 22. Rcd1 Ne5 23. Qe2 Bg7 24. h4 h5 25. Nh3 Qa8 26. f3 b5 27. c5 Qc6 28. Ng5 f6 29. Nh3 Nf7 30. Nf4 Nxd6 31. Rxd6 Qxc5 32. Nxg6 Rfe8 33. R1d3 Bh6 34. Rxf6 Rxe3 35. Qb2 Rxd3 36. Nf4 Bxf4 37. Rg6+ Kf7 38. Qf6+ Ke8 39. Rg8+ 1-0


[Site "https://www.chess.com"]

[Event "Titled Tuesday Blitz March 21 Early 2023"]
[White "Zanette, Edgard Vinicius"]
[Black "Sanchez Alvares, Kelvin Antonio"]
[WhiteFideId "2109263"]
[BlackFideId "3906680"]
[WhiteElo "2211"]
[BlackElo "2217"]
[Result "0-1"]
[Round "09"]
[TimeControl "180+2"]
[Date "2023.03.21"]
[WhiteClock "0:00:05"]
[BlackClock "0:00:07"]

1. e4 e5 2. Nf3 Nc6 3. Nc3 Bc5 4. Nxe5 Nxe5 5. d4 Bd6 6. dxe5 Bxe5 7. Qd3 d6 8. f4 Bxc3+ 9. Qxc3 Nf6 10. Bd3 O-O 11. O-O Re8 12. Re1 c6 13. h3 Be6 14. Be3 d5 15. e5 Ne4 16. Bxe4 dxe4 17. Rad1 Qh4 18. b3 Bxh3 19. gxh3 Qg3+ 20. Kh1 Qxh3+ 21. Kg1 Qg3+ 22. Kf1 Qf3+ 23. Kg1 Re6 24. f5 Qxf5 25. Rd2 Rxe5 26. Rf2 Qh5 27. Rh2 Qf5 28. Rf1 Qe6 29. Rg2 g6 30. Bd4 Rf5 31. Bh8 f6 32. Rxf5 Qxf5 33. Bxf6 Rf8 34. Qc4+ Rf7 35. Bd4 b5 36. Qe2 c5 37. Be3 Qe5 38. Rf2 Qg3+ 39. Rg2 Qf3 40. Qxf3 exf3 41. Rg3 c4 42. Kf2 cxb3 43. c3 bxa2 44. Rg1 a5 45. Ra1 a4 46. Rxa2 Rc7 47. Bd4 Rc4 48. Kxf3 Kf7 49. Ke3 Ke6 50. Kd3 Kd5 51. Rh2 a3 52. Kc2 a2 53. Kb2 b4 54. Kxa2 bxc3 55. Bg7 c2 56. Bb2 c1=Q 57. Bxc1 Rxc1 58. Rxh7 Ke4 59. Rf7 g5 60. Kb2 Rc6 61. Rf8 g4 62. Kb3 g3 63. Re8+ Kf5 64. Rg8 Rg6 65. Rf8+ Kg4 66. Rf1 g2 0-1


[Site "https://www.chess.com"]

[Event "Titled Tuesday Blitz March 21 Early 2023"]
[White "Yosha_Iglesias"]
[Black "Ruge, Edison"]
[BlackFideId "4401000"]
[WhiteElo "2472"]
[BlackElo "2175"]
[Result "0-1"]
[Round "09"]
[TimeControl "180+2"]
[Date "2023.03.21"]
[WhiteClock "0:00:02"]
[BlackClock "0:01:28"]

1. d4 d5 2. Nf3 e6 3. e3 f5 4. Bd3 c6 5. O-O Nf6 6. c4 Be7 7. b3 O-O 8. Ba3 Ne4 9. Bxe7 Qxe7 10. Qc2 Bd7 11. Ne5 Be8 12. f3 Nd6 13. Nc3 Nd7 14. c5 Nf7 15. Nxd7 Qxd7 16. f4 b6 17. b4 a5 18. a3 b5 19. Kh1 Nh6 20. h3 Bh5 21. Rg1 Ra7 22. g4 fxg4 23. Bxh7+ Kh8 24. Bg6 Bxg6 25. Qxg6 axb4 26. axb4 Rxa1 27. Rxa1 gxh3 28. Kh2 Qe7 29. Kxh3 Nf5 30. Rh1 Rf6 31. Kg2+ Nh6 32. Qg5 Qf7 33. Ne2 Rg6 34. Ng3 Rxg5 35. fxg5 Qg6 36. gxh6 gxh6 37. Kf3 Kh7 38. Rh4 Qf6+ 39. Rf4 Qg6 40. Rg4 Qb1 41. Nh5 Qf5+ 42. Nf4 Qe4+ 43. Kg3 Qxe3+ 44. Kh4 Qxd4 45. Nh5 Qf2+ 46. Kh3 Qf5 47. Kh4 Qf2+ 48. Kh3 d4 0-1


[Site "https://www.chess.com"]

[Event "Titled Tuesday Blitz March 21 Early 2023"]
[White "Gonzalez, Francisco Silva"]
[Black "lolliNOPE"]
[WhiteFideId "1512285"]
[WhiteElo "2074"]
[BlackElo "2059"]
[Result "1-0"]
[Round "09"]
[TimeControl "180+2"]
[Date "2023.03.21"]
[WhiteClock "0:01:04"]
[BlackClock "0:00:04"]

1. d4 Nf6 2. c4 e6 3. Nc3 Bb4 4. a3 Bxc3+ 5. bxc3 O-O 6. e3 d6 7. f3 Nc6 8. e4 e5 9. Be3 a5 10. Bd3 b6 11. Ne2 Ba6 12. Ng3 Re8 13. O-O Ne7 14. Bg5 Ng6 15. Nh5 Kh8 16. f4 exf4 17. g3 h6 18. Bxf6 gxf6 19. Qd2 Rg8 20. Kh1 Bb7 21. d5 Bc8 22. Rxf4 Nxf4 23. Qxf4 Rg6 24. Rf1 Bh3 25. Rf2 Qe7 26. Nxf6 Qe5 27. Qh4 Qxc3 28. e5 Qxd3 29. Qxh3 Qxc4 30. Qf5 Rf8 31. e6 Kg7 32. Nh5+ Kh7 33. e7 Rg8 34. Qxf7+ Kh8 35. e8=Q Qc1+ 36. Kg2 Rxe8 37. Qxe8+ Rg8 38. Qf7 Qe3 39. Qf5 b5 40. Nf6 Rg7 41. Qc8+ 1-0


[Site "https://www.chess.com"]

[Event "Titled Tuesday Blitz March 21 Early 2023"]
[White "Liu, Casper"]
[Black "Shvedova, Alexandra"]
[WhiteFideId "1454153"]
[BlackFideId "54154782"]
[WhiteElo "2221"]
[BlackElo "2057"]
[Result "1-0"]
[Round "09"]
[TimeControl "180+2"]
[Date "2023.03.21"]
[WhiteClock "0:00:11"]
[BlackClock "0:00:02"]

1. d4 Nf6 2. c4 e6 3. Nc3 Bb4 4. e3 O-O 5. Bd3 d5 6. Ne2 dxc4 7. Bxc4 c5 8. O-O a6 9. a3 Bxc3 10. bxc3 Qc7 11. Bd3 cxd4 12. cxd4 e5 13. e4 Nc6 14. dxe5 Qxe5 15. Bf4 Qe7 16. Nc3 Bg4 17. Qb1 Ne5 18. Bc2 Rac8 19. Nd5 Nxd5 20. exd5 Ng6 21. Be3 Qd6 22. h3 Be2 23. Re1 Bc4 24. Rd1 Rfe8 25. Qxb7 Nf4 26. Ba4 Ne2+ 27. Kh1 Rc7 28. Qb6 Rd8 29. Rd2 Rcc8 30. Qxd6 Rxd6 31. Bc6 Nc3 32. Bc5 Rdd8 33. Be7 Ne4 34. Rd4 Nxf2+ 35. Kg1 Rxc6 36. dxc6 Rxd4 37. Kxf2 Be6 38. Rb1 f6 39. c7 Rc4 40. Bd6 Kf7 41. Rb8 Rc6 42. Rf8+ Kg6 43. Re8 Kf7 44. Re7+ Kg6 45. Rxe6 Kf7 46. Re7+ Kg6 47. Re8 Kf7 48. c8=Q 1-0


[Site "https://www.chess.com"]

[Event "Titled Tuesday Blitz March 21 Early 2023"]
[White "Blomqvist, Erik"]
[Black "Hoffmann, Asa"]
[WhiteFideId "1709437"]
[BlackFideId "2001470"]
[WhiteElo "2436"]
[BlackElo "2117"]
[Result "1-0"]
[Round "09"]
[TimeControl "180+2"]
[Date "2023.03.21"]
[WhiteClock "0:00:05"]
[BlackClock "0:00:21"]

1. e4 d6 2. d4 Nf6 3. Nc3 c6 4. h3 e5 5. Nf3 Qc7 6. a4 a5 7. Bc4 Be7 8. O-O O-O 9. Be3 b6 10. dxe5 dxe5 11. Qe2 Ba6 12. Rfd1 Re8 13. Ng5 Rf8 14. Rd2 h6 15. Nf3 Bb4 16. Bxa6 Nxa6 17. Qc4 Nc5 18. Bxc5 Bxc5 19. Rad1 Rfe8 20. Ne2 Bb4 21. c3 Bf8 22. Ng3 g6 23. h4 Rab8 24. h5 Kg7 25. Nh4 Rbd8 26. Rd3 Rxd3 27. Rxd3 Re6 28. hxg6 Ne8 29. Nh5+ Kg8 30. Rg3 Ng7 31. gxf7+ Qxf7 32. Nxg7 Bxg7 33. Nf5 Rg6 34. Qd3 Rxg3 35. Qxg3 Kh7 36. Qg4 Bf6 37. g3 Qg6 38. Qf3 h5 39. Kg2 b5 40. Qd3 Bg7 41. Qd7 bxa4 42. Kf3 Qg4+ 43. Ke3 Qg5+ 44. Kd3 Qf6 45. Kc4 Kg6 46. Qxg7+ Qxg7 47. Nxg7 Kxg7 48. Kc5 Kf6 49. Kxc6 Kg5 50. f3 h4 51. gxh4+ Kxh4 52. Kd5 Kg3 53. Kxe5 Kxf3 54. Kd5 Ke3 55. e5 Kd3 56. e6 Kc2 57. e7 Kxb2 58. e8=Q a3 59. Qb5+ Kxc3 60. Qc4+ Kb2 61. Qe2+ Kb1 62. Qd1+ Kb2 63. Qd2+ Kb1 64. Kc4 a2 65. Qd1+ Kb2 66. Qd2+ Ka1 67. Qc1# 1-0


[Site "https://www.chess.com"]

[Event "Titled Tuesday Blitz March 21 Early 2023"]
[White "Jimenez Jimenez, Leandro"]
[Black "Safin, Robert"]
[WhiteFideId "6415253"]
[BlackFideId "34189120"]
[WhiteElo "2263"]
[BlackElo "2245"]
[Result "0-1"]
[Round "09"]
[TimeControl "180+2"]
[Date "2023.03.21"]
[WhiteClock "0:00:01"]
[BlackClock "0:00:03"]

1. d4 Nf6 2. c4 e6 3. Nf3 d5 4. Nc3 c5 5. cxd5 cxd4 6. Qxd4 exd5 7. Bg5 Be7 8. e3 h6 9. Bh4 O-O 10. Be2 Nc6 11. Qa4 Qb6 12. Qb5 Qxb5 13. Bxb5 g5 14. Bg3 Bb4 15. O-O Bxc3 16. bxc3 Ne4 17. Rac1 a6 18. Bxc6 bxc6 19. c4 g4 20. Nd4 c5 21. Nb3 dxc4 22. Rxc4 Re8 23. Bf4 a5 24. Rfc1 Ba6 25. Ra4 Bb5 26. Rxa5 Rxa5 27. Nxa5 Ra8 28. Bc7 Ra7 29. Bb6 Ra6 30. Bc7 Ra7 31. Bd8 Rd7 32. Bb6 Rd2 33. f3 gxf3 34. gxf3 Ng5 35. Bc7 Nxf3+ 36. Kh1 Bd3 37. Rxc5 Be4 38. Bg3 Ng5+ 39. Kg1 Nf3+ 40. Kh1 Ne1+ 41. Kg1 Nd3 42. Rc8+ Kh7 43. Nc4 Rd1+ 44. Be1 Rxe1# 0-1


[Site "https://www.chess.com"]

[Event "Titled Tuesday Blitz March 21 Early 2023"]
[White "Avazkhonov, Alikhon"]
[Black "Quinones Garcia, Santiago"]
[WhiteFideId "14208504"]
[BlackFideId "4408497"]
[WhiteElo "1739"]
[BlackElo "2263"]
[Result "1-0"]
[Round "09"]
[TimeControl "180+2"]
[Date "2023.03.21"]
[WhiteClock "0:02:39"]
[BlackClock "0:02:45"]

1. d4 Nf6 2. c4 e6 3. Nc3 Bb4 4. e3 b6 5. Bd2 O-O 6. Nf3 d5 7. cxd5 exd5 8. Rc1 Bb7 9. Bd3 a6 10. O-O Nbd7 11. Ne5 Nxe5 12. dxe5 Nd7 13. f4 Nc5 14. Bb1 Ne4 15. Nxe4 dxe4 16. Bxb4 Qc8 17. Bxf8 Qb8 1-0


[Site "https://www.chess.com"]

[Event "Titled Tuesday Blitz March 21 Early 2023"]
[White "Szyszylo, Rafal"]
[Black "Shuvalov, Evgenij"]
[WhiteFideId "1109626"]
[BlackFideId "4187237"]
[WhiteElo "1951"]
[BlackElo "2080"]
[Result "0-1"]
[Round "09"]
[TimeControl "180+2"]
[Date "2023.03.21"]
[WhiteClock "0:01:03"]
[BlackClock "0:00:59"]

1. e4 e6 2. d4 d5 3. e5 c5 4. c3 Nc6 5. Nf3 Qb6 6. Be2 Nh6 7. Na3 cxd4 8. cxd4 Bb4+ 9. Kf1 Nf5 10. Nc2 Be7 11. g3 h5 12. h3 Bd7 13. b4 Nxb4 14. Rb1 Qa5 15. Bd2 Ba4 16. Bxb4 Bxb4 17. Qc1 Rc8 18. Bd3 Bb5 19. Bxb5+ Qxb5+ 20. Kg2 Qe2 21. Qf1 Qxc2 22. Rxb4 Ne3+ 23. Kh2 Nxf1+ 24. Rxf1 b6 25. Kg2 Qxa2 26. Ng5 Rc4 27. Rbb1 O-O 28. Ra1 Qd2 29. Rxa7 Qxg5 0-1


[Site "https://www.chess.com"]

[Event "Titled Tuesday Blitz March 21 Early 2023"]
[White "Klepikov, Nikita"]
[Black "Gubajdullin, Alexei"]
[WhiteFideId "24145220"]
[BlackFideId "4141202"]
[WhiteElo "2025"]
[BlackElo "2267"]
[Result "0-1"]
[Round "09"]
[TimeControl "180+2"]
[Date "2023.03.21"]
[WhiteClock "0:00:13"]
[BlackClock "0:01:41"]

1. e4 e5 2. Nf3 Nf6 3. Nxe5 d6 4. Nf3 Nxe4 5. d4 d5 6. Bd3 Nc6 7. Nc3 Nxc3 8. bxc3 Be7 9. O-O O-O 10. c4 dxc4 11. Bxc4 Na5 12. Bd3 Be6 13. Ne5 Bf6 14. Re1 g6 15. Qd2 b6 16. c3 c5 17. dxc5 bxc5 18. Qe3 Qc7 19. Ba3 Rfd8 20. Rad1 Qxe5 21. Qxe5 Bxe5 22. Rxe5 Nc4 23. Rxe6 fxe6 24. Bxc5 Nb2 0-1


[Site "https://www.chess.com"]

[Event "Titled Tuesday Blitz March 21 Early 2023"]
[White "TheKnightOfBosnia"]
[Black "Krzywda, Andrzej"]
[BlackFideId "1114565"]
[WhiteElo "2517"]
[BlackElo "2155"]
[Result "1-0"]
[Round "09"]
[TimeControl "180+2"]
[Date "2023.03.21"]
[WhiteClock "0:00:44"]
[BlackClock "0:00:06"]

1. e4 e5 2. Nf3 Nf6 3. Nxe5 d6 4. Nf3 Nxe4 5. g3 Be7 6. Bg2 O-O 7. O-O Nc6 8. Re1 d5 9. c4 Be6 10. cxd5 Bxd5 11. Nc3 Nxc3 12. dxc3 Re8 13. Bf4 Be6 14. Qxd8 Bxd8 15. Ng5 Bxg5 16. Bxg5 h6 17. Be3 Ne7 18. Bxb7 Rab8 19. Bg2 Rxb2 20. a4 a5 21. Bc5 Ng6 22. Bc6 Reb8 23. Bb5 Rd8 24. Bd4 Ne7 25. Rab1 Rxb1 26. Rxb1 Nf5 27. Be5 Nd6 28. Bc6 f6 29. Bd4 Nc4 30. Rb7 Rc8 31. Ra7 Kf7 32. Bb7 Rb8 33. Ba6 Rb1+ 34. Kg2 Bd5+ 35. Kh3 Be6+ 36. g4 Nd6 37. Rxc7+ Kg6 38. Bd3+ f5 39. Bxb1 1-0


[Site "https://www.chess.com"]

[Event "Titled Tuesday Blitz March 21 Early 2023"]
[White "Kozin, Yuri"]
[Black "ArtemDyachuk"]
[WhiteFideId "4129920"]
[WhiteElo "2512"]
[BlackElo "2381"]
[Result "1-0"]
[Round "09"]
[TimeControl "180+2"]
[Date "2023.03.21"]
[WhiteClock "0:00:19"]
[BlackClock "0:00:09"]

1. e4 c5 2. Nf3 d6 3. d4 cxd4 4. Nxd4 Nf6 5. Nc3 a6 6. Be3 e5 7. Nf3 Be6 8. Ng5 Bd7 9. Bc4 d5 10. Nxd5 Nc6 11. Bb6 Qc8 12. Nc7+ Ke7 13. Nxa8 Nd4 14. Nc7 Bg4 15. f3 Bh5 16. c3 h6 17. cxd4 hxg5 18. dxe5 Nd7 19. Qd6+ Kd8 20. Ne6+ Ke8 21. Nxf8 Rxf8 22. Rc1 Nxb6 23. Qxb6 Qb8 24. O-O Qxe5 25. Qxb7 g4 26. Bxf7+ Kd8 27. Rc8# 1-0


[Site "https://www.chess.com"]

[Event "Titled Tuesday Blitz March 21 Early 2023"]
[White "Ovezdurdyyeva, Jemal"]
[Black "Ljukin, Sergei"]
[WhiteFideId "14001888"]
[BlackFideId "14102200"]
[WhiteElo "2043"]
[BlackElo "2312"]
[Result "0-1"]
[Round "09"]
[TimeControl "180+2"]
[Date "2023.03.21"]
[WhiteClock "0:01:39"]
[BlackClock "0:00:36"]

1. e4 e6 2. d4 d5 3. Nd2 Nf6 4. e5 Nfd7 5. Ngf3 c5 6. c3 Nc6 7. Be2 Qb6 8. Nb3 cxd4 9. cxd4 a5 10. a4 Bb4+ 11. Kf1 f6 12. exf6 Nxf6 13. g3 O-O 14. Kg2 Ne4 15. Be3 Bd7 16. Bd3 Nf6 17. Nc5 Bxc5 18. dxc5 Qc7 19. Bb5 e5 20. Bg5 Be6 21. Re1 Ne4 22. Be3 Rad8 23. Ng5 Bf5 24. f3 Nf6 25. g4 Bc8 26. h4 h6 27. Nh3 e4 28. g5 exf3+ 29. Qxf3 Ne4 30. Bf4 Bxh3+ 0-1


[Site "https://www.chess.com"]

[Event "Titled Tuesday Blitz March 21 Early 2023"]
[White "Bethke, Richard"]
[Black "Fule, Simon"]
[WhiteFideId "12959243"]
[BlackFideId "787515"]
[WhiteElo "2369"]
[BlackElo "2375"]
[Result "0-1"]
[Round "09"]
[TimeControl "180+2"]
[Date "2023.03.21"]
[WhiteClock "0:00:45"]
[BlackClock "0:00:10"]

1. e4 e5 2. Nf3 Nc6 3. Bc4 Nf6 4. d3 h6 5. O-O d6 6. c3 g5 7. d4 g4 8. dxe5 gxf3 9. exf6 Ne5 10. Bb3 Qxf6 11. Re1 Qg6 12. g3 Qg4 13. Kh1 h5 14. Rg1 h4 15. Bf4 hxg3 16. Bxg3 Qh5 17. Nd2 Bh3 18. Bxe5 Bg2+ 19. Rxg2 fxg2+ 20. Kg1 Qxe5 21. Nf3 Qf4 22. Qd5 c6 23. Qd3 O-O-O 24. a4 Bg7 25. a5 Be5 26. Kxg2 Rdg8+ 27. Kf1 Rh3 28. Ke2 Re8 29. a6 b6 30. Qe3 f5 31. exf5 Qxf5 32. Rg1 Rxf3 33. Qxf3 Bxh2+ 34. Kd2 Qxf3 35. Rg7 Qxf2+ 36. Kd3 Qe3+ 37. Kc4 Qc5+ 38. Kd3 Qf5+ 39. Kd2 Bf4+ 40. Kd1 Qd3# 0-1


[Site "https://www.chess.com"]

[Event "Titled Tuesday Blitz March 21 Early 2023"]
[White "Horak, Martin"]
[Black "Buscar, Michael"]
[WhiteFideId "367095"]
[BlackFideId "2603616"]
[WhiteElo "2091"]
[BlackElo "2010"]
[Result "1-0"]
[Round "09"]
[TimeControl "180+2"]
[Date "2023.03.21"]
[WhiteClock "0:00:04"]
[BlackClock "0:00:01"]

1. e4 c5 2. Nf3 Nc6 3. d4 cxd4 4. Nxd4 Nf6 5. Nc3 e5 6. Ndb5 h6 7. Nd6+ Bxd6 8. Qxd6 Qe7 9. Qxe7+ Kxe7 10. Bd3 Rd8 11. Bd2 d5 12. exd5 Nxd5 13. Nxd5+ Rxd5 14. a3 Be6 15. O-O-O Rad8 16. f4 exf4 17. Bxf4 Nd4 18. Rhe1 Kf8 19. h3 Nb3+ 20. Kb1 Nc5 21. Be2 Rxd1+ 22. Rxd1 Rxd1+ 23. Bxd1 b6 24. Bf3 Nd7 25. Kc1 Ke7 26. Kd2 Bf5 27. b4 g5 28. Bh2 Be6 29. Kd3 f5 30. c4 f4 31. Kd4 Kd6 32. Bg1 Kc7 33. Bf2 Kd6 34. Be1 Bf5 35. Bc3 Be6 36. Bb2 Bf7 37. a4 Bg6 38. Ba3 Kc7 39. a5 Bf7 40. a6 Nb8 41. b5 Nd7 42. Bc6 Nf6 43. Bf8 h5 44. Be7 Nh7 45. Be4 Bg8 46. Bxh7 Bxh7 47. Bxg5 f3 48. gxf3 Bf5 49. h4 Kd7 50. Bf4 Kc8 51. Be5 Bh3 52. f4 Be6 53. Bd6 Bf7 54. f5 Be8 55. f6 Bf7 56. Bf4 Be6 57. c5 bxc5+ 58. Kxc5 1-0


[Site "https://www.chess.com"]

[Event "Titled Tuesday Blitz March 21 Early 2023"]
[White "Tanmay Jain"]
[Black "Kostiukov, Alexandr"]
[WhiteFideId "45015481"]
[BlackFideId "14108100"]
[WhiteElo "2032"]
[BlackElo "2202"]
[Result "1-0"]
[Round "09"]
[TimeControl "180+2"]
[Date "2023.03.21"]
[WhiteClock "0:00:08"]
[BlackClock "0:00:02"]

1. e4 c5 2. c3 g6 3. d4 cxd4 4. cxd4 d5 5. e5 Bg7 6. Nc3 Nh6 7. Nf3 Bg4 8. Be2 O-O 9. Qb3 Nc6 10. Qxb7 Bxf3 11. Qxc6 Bxg2 12. Rg1 Rc8 13. Qb7 Rc7 14. Qb3 Bh3 15. Qxd5 Rxc3 16. Qxd8 Rxc1+ 17. Rxc1 Rxd8 18. Rc7 Nf5 19. Bg4 Bxg4 20. Rxg4 h5 21. Re4 a5 22. Rc4 Rd5 23. Ke2 e6 24. b3 Bf8 25. Ra4 Bb4 26. Kd3 g5 27. Kc4 Kf8 28. a3 Bd2 29. b4 axb4 30. axb4 Ke7 31. Ra7+ Rd7 32. Ra5 Rc7+ 33. Rc5 Ra7 34. b5 Ra4+ 35. Kb3 Rxd4 36. Rxd4 Nxd4+ 37. Kc4 Nf3 38. b6 Bf4 39. Rc7+ Kd8 40. Kb3 Bxe5 41. Rxf7 Nd4+ 42. Kc4 Nf5 43. Kd3 Nd6 44. Rh7 h4 45. b7 Nxb7 46. Rxb7 Bxh2 47. Ke4 Bf4 48. Kf3 h3 49. Kg4 h2 50. Rh7 Ke8 51. Kf3 Kf8 52. Kg2 Kg8 53. Rb7 e5 54. Rd7 Kf8 55. Rb7 Ke8 56. Rh7 Kf8 57. Kf3 Kg8 58. Rh5 Kg7 59. Kg2 e4 60. Rh3 Kg6 61. Ra3 Kf5 62. Ra5+ Kg4 63. Ra4 Kf5 64. Ra5+ Be5 65. Ra8 Bf4 66. Rf8+ Kg4 67. Ra8 Be5 68. Ra4 Kf5 69. Ra5 Ke6 70. Ra6+ Kf5 71. Ra5 Ke6 72. Ra6+ Bd6 73. Ra4 Kf5 74. Ra5+ Be5 75. Ra2 Kg4 76. Ra4 1-0


[Site "https://www.chess.com"]

[Event "Titled Tuesday Blitz March 21 Early 2023"]
[White "Manon-og, Ramon Jr."]
[Black "Belov, Alexei"]
[WhiteFideId "5200776"]
[BlackFideId "4128206"]
[WhiteElo "2333"]
[BlackElo "2478"]
[Result "1/2-1/2"]
[Round "09"]
[TimeControl "180+2"]
[Date "2023.03.21"]
[WhiteClock "0:00:05"]
[BlackClock "0:00:10"]

1. e4 e6 2. d4 d5 3. Nd2 Nf6 4. e5 Nfd7 5. Ngf3 c5 6. c3 Nc6 7. Bb5 f6 8. exf6 Qxf6 9. O-O Bd6 10. Bxc6 bxc6 11. Re1 O-O 12. Nf1 cxd4 13. cxd4 e5 14. Be3 e4 15. N3d2 Qg6 16. Rc1 Bb7 17. Ng3 Nf6 18. Qb3 Rab8 19. Rc2 Ng4 20. Ndxe4 Ba6 21. Qa4 Bb5 22. Qb3 Bc4 23. Qa4 Rb4 24. Qxc6 dxe4 25. Rxc4 Rxc4 26. Qxc4+ Kh8 27. b4 Qf6 28. Rf1 Qh4 29. h3 Nxe3 30. fxe3 Qxg3 31. Rxf8+ Bxf8 32. Qf7 Qd6 33. b5 Qe7 34. Qd5 h6 35. a4 Qe8 36. a5 Bb4 37. b6 axb6 38. axb6 Bd2 39. Kf2 Ba5 40. b7 Bc7 41. Qc6 Qf8+ 42. Ke2 Qd6 43. Qe8+ Kh7 44. Qxe4+ Kg8 45. d5 Qa6+ 46. Kf3 Qxb7 47. Qe6+ Kh8 48. Qe8+ Kh7 49. Qe4+ Kg8 50. Qe8+ Kh7 51. Qe4+ Kg8 1/2-1/2


[Site "https://www.chess.com"]

[Event "Titled Tuesday Blitz March 21 Early 2023"]
[White "Sovetbekova, Nurai"]
[Black "Aarav Dengla"]
[WhiteFideId "13801910"]
[BlackFideId "45059756"]
[WhiteElo "1857"]
[BlackElo "2285"]
[Result "1-0"]
[Round "09"]
[TimeControl "180+2"]
[Date "2023.03.21"]
[WhiteClock "0:00:08"]
[BlackClock "0:00:04"]

1. d4 d5 2. c4 e6 3. Nc3 a6 4. cxd5 exd5 5. Bf4 h6 6. e3 Nf6 7. Bd3 c5 8. dxc5 Bxc5 9. Nge2 Nc6 10. O-O O-O 11. a3 d4 12. exd4 Nxd4 13. Nxd4 Bxd4 14. Qc2 Be6 15. Rfd1 Qb6 16. Bg3 Bb3 17. Qd2 Bxc3 18. Qxc3 Bxd1 19. Rxd1 Rac8 20. Qe5 Rfd8 21. Bh4 Rxd3 22. Re1 Qd4 23. Bxf6 gxf6 24. Qe2 Rd2 25. Qf3 Qxb2 26. Qg4+ Kh8 27. Qxc8+ Kh7 28. Qf5+ Kg7 29. h3 Qb5 30. Qf3 Qd5 31. Qg3+ Qg5 32. Qb8 Qd5 33. Qg3+ Kh7 34. Re8 Qg5 35. Qf3 f5 36. Qc3 Rd1+ 37. Kh2 Qg7 38. Qf3 Rd6 39. Qxf5+ Rg6 40. Qf3 Qf6 41. Re3 Qd6+ 42. g3 Rf6 43. Qe2 Kg7 44. Qc2 Re6 45. Kg2 Rxe3 46. fxe3 b5 47. Qb2+ f6 48. Qc3 Qe5 49. Qd2 Qe4+ 50. Kf2 Qe6 51. Kf3 Qxh3 52. Qd6 Qf5+ 53. Kg2 a5 54. Qc7+ Kg6 55. Qxa5 Qc2+ 56. Kf3 Qd1+ 57. Kf2 Qd2+ 58. Kf3 Qd5+ 59. Kf2 Qf5+ 60. Kg2 Kg5 61. Qd2 Qe4+ 62. Kf2 Kg4 63. Qe2+ Kf5 64. Qxb5+ Kg4 65. Qd7+ Kg5 66. Qg7+ Kh5 67. Qxf6 Qc2+ 68. Kf3 Qd1+ 69. Kg2 Qe2+ 70. Qf2 Qd3 71. Qf3+ Kg5 72. Qf4+ Kg6 73. Kf3 Qxa3 74. Qe4+ Kg5 75. Qe5+ Kg6 76. Qe6+ Kg5 77. Qd5+ Kg6 78. Qc6+ Kg5 79. Qd5+ Kg6 80. Qe4+ Kg5 81. Qf4+ Kg6 82. g4 Qa5 83. Qe4+ Kg5 84. Qe7+ Kg6 85. Qe6+ Kg5 86. Qe4 Qb5 87. Qf4+ Kg6 88. Kg3 Qb3 89. Qe4+ Kg5 90. Qe5+ Kg6 91. Kf4 Qb4+ 92. Qe4+ Qxe4+ 93. Kxe4 Kg5 94. Kf3 Kf6 95. Kf4 Ke6 96. e4 Kf6 97. e5+ Ke6 98. Ke4 Ke7 99. Kf5 Kf7 100. e6+ Kg7 101. Ke5 Kf8 102. Kf6 Ke8 103. e7 1-0


[Site "https://www.chess.com"]